 Dungeon Crawl Stone Soup version 0.26-a0-599-gc8f6553d2c (webtiles) character file.

Game seed: 14961803671165130653

149796 Gargoyl the Protected (level 17, -2/204 HPs)
             Began as a Gnoll Abyssal Knight on Aug 29, 2020.
             Was a Priest of Lugonu.
             Killed from afar by a deep elf knight (36 damage)
             ... with a shard of ice
             ... led by a deep elf high priest
             ... on level 3 of the Elven Halls.
             The game lasted 00:59:25 (39596 turns).

Gargoyl the Protected (Gnoll Abyssal Knight)       Turns: 39596, Time: 00:59:27

Health: -2/204     AC: 32    Str: 26    XL:     17   Next: 52%
Magic:  41/41      EV: 11    Int: 17    God:    Lugonu [***...]
Gold:   183        SH: 24    Dex: 16    Spells: 39/39 levels left

rFire    + + .     SeeInvis .   d - +5 demon blade of the Doomed Warrior {elec, +Inv Int+2}
rCold    + + +     Faith    .   q - +5 tower shield {rC+ rF+}
rNeg     + . .     Spirit   .   a - +10 plate armour of Marbles {Rampage rC+ MP+9}
rPois    .         Reflect  .   z - +0 helmet
rElec    .         Harm     .   Y - scarf {rC+ rF+}
rCorr    .         Clarity  +   l - +1 pair of gloves
MR       +....                  k - +1 pair of boots {rampage}
Stlth    ..........             C - amulet of regeneration
HPRegen  0.84/turn              y - +6 ring of strength
MPRegen  0.27/turn              J - ring of positive energy

@: berserking (expiring), studying Armour, drained, very quick
A: distributed training, fangs 1, clarity, wild magic 1, strong nose
a: Depart the Abyss, Bend Space, Banish, Renounce Religion, Evoke Invisibility


You were on level 3 of the Elven Halls.
You worshipped Lugonu.
Lugonu was most pleased with you.
You visited 4 branches of the dungeon, and saw 26 of its levels.
You visited the Abyss 4 times.
You also visited: Ice Cave.

You collected 3036 gold pieces.
You spent 2853 gold pieces at shops.

Inventory:

Hand Weapons
 c - a +2 falchion of holy wrath
 d - the +5 demon blade of the Doomed Warrior (weapon) {elec, +Inv Int+2}
   (You bought it in a shop on level 5 of the Dungeon)

   Occasionally, upon striking a foe, it will discharge some electrical energy
   and cause terrible harm.
   It affects your intelligence (+2).
   It lets you turn invisible.
 s - a +2 broad axe
 Q - a +4 scimitar of flaming
 W - a +3 war axe of electrocution
Missiles
 t - 11 javelins (quivered)
 w - 50 boomerangs
Armour
 a - the +10 plate armour of Marbles (worn) {Rampage rC+ MP+9}
   (You bought it in a shop on level 1 of the Elven Halls)

   It protects you from cold.
   It affects your magic capacity (+9).
   It bestows one free step when moving towards enemies.
 k - a +1 pair of boots of rampaging (worn)
 l - a +1 pair of gloves (worn)
 q - a +5 tower shield of resistance (worn)
 z - a +0 helmet (worn)
 K - the +5 chain mail of the Worm {+Inv SInv}
   (You bought it in a shop on level 2 of the Orcish Mines)

   It lets you see invisible.
   It lets you turn invisible.
 Y - a scarf of resistance (worn)
Jewellery
 f - an uncursed ring of protection from magic {unknown}
 v - an uncursed ring of resist corrosion
 y - a +6 ring of strength (left hand)
 A - an uncursed ring of protection from fire
 C - an amulet of regeneration (around neck)
 E - an uncursed ring of see invisible
 G - an uncursed ring of flight
 J - a ring of positive energy (right hand)
 T - an uncursed amulet of the acrobat
 X - a cursed -4 ring of evasion {unknown}
Wands
 M - a wand of paralysis (14)
 R - a wand of iceblast (13)
 S - a wand of digging (5)
Scrolls
 e - a scroll of teleportation
 i - 10 scrolls of identify
 n - a scroll of magic mapping
 u - 2 scrolls of remove curse
 D - 4 scrolls of blinking
 F - a scroll of acquirement {unknown}
 O - 4 scrolls of fear
 P - a scroll of enchant weapon
 V - 4 scrolls of fog
Potions
 b - 2 potions of cancellation
 g - 6 potions of magic
 h - 3 potions of flight
 j - 2 potions of mutation
 m - a potion of invisibility
 o - 4 potions of stabbing
 p - 8 potions of haste
 r - 6 potions of might
 x - 6 potions of lignification
 B - a potion of resistance
 H - 2 potions of berserk rage
 I - 5 potions of curing
 Z - a potion of ambrosia {unknown}
Books
 N - a manual of Armour


   Skills:
 + Level 13.0(12.2) Fighting
 + Level 11.5(10.7) Short Blades
 + Level 11.5(10.7) Long Blades
 + Level 12.3(11.5) Axes
 + Level 11.5(10.7) Maces & Flails
 + Level 11.5(10.7) Polearms
 + Level 11.5(10.7) Staves
 + Level 11.5(10.7) Slings
 + Level 11.5(10.7) Bows
 + Level 11.5(10.7) Crossbows
 + Level 11.5(10.7) Throwing
 + Level 14.3(13.5) Armour
 + Level 11.8(11.0) Dodging
 + Level 11.5(10.7) Stealth
 + Level 11.5(10.7) Shields
 + Level 11.5(10.7) Unarmed Combat
 + Level 11.5(10.7) Spellcasting
 + Level 9.9(9.1) Conjurations
 + Level 9.9(9.1) Hexes
 + Level 9.9(9.1) Summonings
 + Level 9.9(9.1) Necromancy
 + Level 9.9(9.1) Translocations
 + Level 9.9(9.1) Transmutations
 + Level 9.9(9.1) Fire Magic
 + Level 9.9(9.1) Ice Magic
 + Level 9.9(9.1) Air Magic
 + Level 9.9(9.1) Earth Magic
 + Level 9.9(9.1) Poison Magic
 + Level 13.1(12.3) Invocations
 + Level 11.5(10.7) Evocations


You had 39 spell levels left.
You didn't know any spells.
Your spell library contained the following spells:

 Spells                   Type           Power        Failure   Level
 Animate Skeleton         Necr           ######       13%         1
 Magic Dart               Conj           ####         13%         1
 Pain                     Necr           ####         13%         1
 Summon Small Mammal      Summ           ####         13%         1
 Blink                    Tloc           N/A          19%         2
 Call Imp                 Summ           ######..     19%         2
 Searing Ray              Conj           ######       19%         2
 Slow                     Hex            ######..     19%         2
 Call Canine Familiar     Summ           ######..     34%         3
 Conjure Flame            Conj/Fire      ######..     34%         3
 Dazzling Flash           Conj/Hex       ######       34%         3
 Gell's Gravitas          Tloc           ######....   34%         3
 Ignite Poison            Fire/Tmut/Pois ######..     34%         3
 Lesser Beckoning         Tloc           ######....   34%         3
 Mephitic Cloud           Conj/Pois/Air  ######..     34%         3
 Summon Guardian Golem    Hex/Summ       ######..     34%         3
 Teleport Other           Tloc           ######..     34%         3
 Vampiric Draining        Necr           ######....   34%         3
 Animate Dead             Necr           ######....   73%         4
 Cause Fear               Hex            ######....   73%         4
 Fulminant Prism          Conj/Hex       ######....   73%         4
 Iskenderun's Mystic Bla  Conj/Tloc      ######..     73%         4
 Passage of Golubria      Tloc           N/A          73%         4
 Summon Ice Beast         Ice/Summ       ######..     73%         4
 Summon Lightning Spire   Summ/Air       ######..     73%         4
 Agony                    Necr           ######..     96%         5
 Borgnjor's Vile Clutch   Necr/Erth      ######....   96%         5
 Fireball                 Conj/Fire      ######....   96%         5
 Irradiate                Conj/Tmut      ######....   96%         5
 Silence                  Hex/Air        ######....   96%         5
 Summon Demon             Summ           ######....   96%         5
 Summon Forest            Summ/Tloc      ######....   96%         5
 Summon Mana Viper        Hex/Summ       ######..     96%         5
 Yara's Violent Unravell  Hex/Tmut       ######....   96%         5
 Death Channel            Necr           ######....   100%        6
 Hydra Form               Tmut           ######....   100%        6
 Shadow Creatures         Summ           N/A          100%        6
 Simulacrum               Ice/Necr       ######....   100%        6
 Starburst                Conj/Fire      ######....   100%        6
 Statue Form              Tmut/Erth      ######...    100%        6
 Dragon Form              Tmut           ######....   100%        7
 Summon Hydra             Summ           ######....   100%        7
 Discord                  Hex            ######....   100%        8
 Disjunction              Tloc           ######....   100%        8
 Ignition                 Fire           ######....   100%        8


Dungeon Overview and Level Annotations

Branches:
Dungeon (15/15)            Temple (0/1) D:4            Lair (6/6) D:9
 Shoals (0/4) Lair:3       Spider (0/4) Lair:4        Slime (0/5) Lair:5
    Orc (2/2) D:9             Elf (3/3) Orc:2        Depths (0/5) D:15
  IceCv (visited)
 Vaults: D:13-14

Altars:
Cheibriados
Dithmenos
Fedhas
Gozag
Makhleb
Nemelex Xobeh
Okawaru
Qazlal
Sif Muna
Trog
Wu Jian
Xom
The Shining One
Beogh
Jiyva

Shops:
D:5 (   D:7 !   Orc:2 [([(   Elf:1 [=[   Elf:2 *(:(=   Elf:3 [

Portals:
Hell: Lair:6

Annotations:
Lair:1 exclusion: 3 oklob plants
Orc:1 , corrupted
Elf:2 3 runed translucent doors


Innate Abilities, Weirdness & Mutations

Your experience applies equally to all skills.
You have very sharp teeth.
Your uncanny sense of smell can sniff out nearby items.
You possess an exceptional clarity of mind.
Your spells are a little harder to cast, but a little more powerful.


Message History

Unknown command.
You feel a strong urge to attack something.
The deep elf mage mumbles some strange words.
The deep elf mage blinks!
The deep elf archer blinks!
You see here an arrow.
Something unexpectedly blocked you, preventing you from rampaging!
Something blocks your attack.
Unknown command.
You slash the deep elf high priest!
The deep elf high priest is lightly wounded.
You hear some strange, mumbled words.
A shard of ice appears from out of thin air!
The shard of ice misses you.
You slash the deep elf high priest!
Lightning courses through the deep elf high priest!!
The deep elf high priest is almost dead.
You hear some strange, mumbled words.
A shard of ice appears from out of thin air!
The shard of ice hits you!!! You partially resist.
You die...

.......##..≈≈#.......####'#######
......###..≈≈##..54.##.....'.)...
.....'###...≈≈##.53##......#.....
##'###.##...≈≈≈##§##.......#.....
#.# ##.#....≈≈#e*#...###########
##'#####.....≈≈#.e'§..#
.....####....≈≈#ss#...#
......###....≈≈#{e#...#
.......##....≈≈#@.#...#
.......##....≈≈#..#'###
.......##.)..≈≈#..#...# ∆
.......##......'..'...#
.......##....).(..#...#
...)..###....≈≈#..#...# .....##
#....≈≈#()#...# #'####
#....≈≈#..#'### #.#
##.)..≈≈#.)#..


You could see a deep elf high priest (brilliance aura), 2 deep elf magi, a
ynoxinul (summoned), a chaos spawn (summoned), a tarantella (summoned), a
redback (summoned), a battlesphere and 2 ufetubi.

Vanquished Creatures
  A tentacled starspawn (Abyss:2)
  2 deep elf sorcerers (Elf:3)
  Louise (Elf:3)
  An orc warlord (Elf:2)
  3 deep elf elementalists
  A war gargoyle (D:11)
  2 deep elf demonologists (Elf:3)
  A dire elephant (Lair:6)
  A deep elf annihilator (Elf:3)
  5 deep elf death magi
  A fire dragon (D:11)
  2 ettins (Orc:1)
  A deep elf high priest (Elf:3)
  A yaktaur captain (D:15)
  Fannar (D:10)
  4 hydras
  3 centaur warriors
  2 death knights
  An ogre mage (D:15)
  Erica (D:11)
  4 death yaks (Lair:5)
  2 catoblepae (Lair:6)
  9 two-headed ogres
  15 dancing weapons
  A small abomination (Elf:3)
  4 orc high priests
  A sun demon (Lair:6)
  A fire crab (D:12)
  16 deep elf knights
  2 skeletal warriors
  An unseen horror (D:12)
  2 flayed ghosts (D:11)
  A wizard (Lair:6)
  2 orc knights
  11 deep elf archers
  31 deep elf magi
  3 manticores
  2 orc sorcerers
  2 wolf spiders (D:11)
  5 cyclopes
  An oklob plant (Lair:2)
  5 ugly things
  Maurice (D:12)
  12 elephants
  A black mamba (Lair:6)
  3 centaur zombies
  11 cane toads
  3 orange demons (Lair:6)
  A smoke demon (Abyss:1)
  2 torpor snails
  2 gargoyles
  5 rime drakes
  A yaktaur (D:15)
  3 ice devils (Lair:6)
  7 komodo dragons
  A komodo dragon (shapeshifter) (Elf:3)
  3 efreet
  A freezing wraith (D:9)
  4 demonic crawlers (Elf:3)
  A meliai (shapeshifter) (D:11)
  A hellwing (Lair:6)
  A queen bee (D:8)
  A jumping spider (Lair:4)
  A polar bear (shapeshifter) (D:11)
  A troll (shapeshifter) (Elf:3)
  5 trolls
  5 slime creatures
  13 blink frogs
  2 dream sheep (Lair:3)
  11 hippogriffs
  A redback (Lair:4)
  4 shadows
  A human (shapeshifter) (D:14)
  7 air elementals
  4 wyverns
  3 water elementals
  3 vampires
  6 fire elementals
  2 wraiths
  3 basilisks
  A neqoxec (Abyss:1)
  29 yaks
  A steam dragon (Lair:4)
  Menkaure (D:7)
  9 vampire mosquitoes
  5 wargs
  An acid dragon (D:11)
  3 soldier ants (D:12)
  14 water moccasins
  3 hell hounds (Lair:6)
  Duvessa (D:6)
  A black bear (D:10)
  6 porcupines
  26 orc warriors
  8 ice beasts
  A sky beast (D:11)
  2 eyes of draining
  A necrophage (D:9)
  14 centaurs
  12 ogres
  7 wolves
  2 phantoms
  11 crocodiles
  5 big kobolds
  14 bullfrogs
  4 earth elementals
  3 gnoll sergeants
  Dowan (D:6)
  A wyvern skeleton (D:14)
  6 scorpions
  20 killer bees
  22 wights
  6 jellies
  A quasit (D:9)
  2 bullfrog skeletons
  2 bullfrog zombies (D:11)
  6 hounds
  5 centaur skeletons
  31 orc priests
  27 orc wizards
  An iron imp (D:6)
  4 iguanas
  11 worker ants
  A worker ant zombie (D:8)
  15 adders
  19 gnolls
  2 shadow imps
  13 white imps
  3 ufetubi
  2 oozes
  An adder zombie (D:5)
  5 worms (D:2)
  3 dart slugs
  9 leopard geckos
  66 orcs
  7 bats
  3 giant cockroaches
  11 goblins
  20 hobgoblins
  22 jackals
  4 quokkas
  2 ball pythons
  6 frilled lizards
  A jackal zombie (D:5)
  28 kobolds
  8 rats
  A bush (Lair:2)
  A starspawn tentacle (Abyss:2)
877 creatures vanquished.

Vanquished Creatures (others)
  2 two-headed ogres (Orc:1)
  An orc high priest (Orc:1)
  An orc knight (Orc:1)
  An orc sorcerer (Orc:1)
  2 ice statues (IceCv)
  2 orc warriors (Orc:1)
  An ogre (Orc:1)
  4 orc priests (Orc:1)
  3 orc wizards (Orc:1)
  5 orcs
  A jackal (D:11)
  21 fungi
  107 plants
  3 starspawn tentacles
  16 toadstools (Lair:2)
170 creatures vanquished.

Grand Total: 1047 creatures vanquished

Notes
Turn   | Place    | Note
-------+----------+-------------------------------------------
     0 | Abyss:1  | Gargoyl the Gnoll Abyssal Knight began the quest for the
                  | Orb.
     0 | Abyss:1  | Reached XP level 1. HP: 23/23 MP: 3/3
    40 | Abyss:2  | Found a corrupted altar of Lugonu.
    96 | Abyss:2  | Noticed a tentacled starspawn
   100 | Abyss:2  | Killed a tentacled starspawn
   100 | Abyss:2  | Reached skill level 6 in Armour
   100 | Abyss:2  | Reached XP level 2. HP: 28/31 MP: 3/6
   100 | Abyss:2  | Reached XP level 3. HP: 32/36 MP: 4/8
   100 | Abyss:2  | Reached XP level 4. HP: 39/43 MP: 4/9
   100 | Abyss:2  | Reached XP level 5. HP: 43/48 MP: 4/10
   100 | Abyss:2  | Reached XP level 6. HP: 50/55 MP: 4/11
   100 | Abyss:2  | Reached XP level 7. HP: 54/60 MP: 4/12
   100 | Abyss:2  | Reached XP level 8. HP: 60/67 MP: 4/13
   100 | Abyss:2  | Reached XP level 9. HP: 65/72 MP: 4/14
   139 | D:1      | Escaped the Abyss
   422 | D:1      | Reached * piety under Lugonu
  2270 | D:2      | Reached ** piety under Lugonu
  3100 | D:3      | Found an ornate altar of the Wu Jian Council.
  3624 | D:4      | Found a staircase to the Ecumenical Temple.
  3653 | D:4      | Found a bloodstained altar of Trog.
  3707 | D:4      | Reached *** piety under Lugonu
  3791 | D:5      | Entered Level 5 of the Dungeon
  3818 | D:5      | Reached skill level 5 in Dodging
  4817 | D:5      | Found Tutibutun's Antique Weapon Shop.
  5083 | D:5      | Found a sparkling altar of Nemelex Xobeh.
  5550 | D:6      | Noticed Duvessa
  5550 | D:6      | Noticed Dowan
  5560 | D:6      | Killed Duvessa
  5568 | D:6      | Killed Dowan
  5974 | D:6      | Reached **** piety under Lugonu
  6170 | D:6      | Found a snail-covered altar of Cheibriados.
  6299 | D:7      | Found a snail-covered altar of Cheibriados.
  6398 | D:7      | Found Rotuh's Distillery.
  6401 | D:7      | Reached XP level 10. HP: 80/80 MP: 17/17
  6548 | D:7      | Noticed Menkaure
  6554 | D:7      | Killed Menkaure
  7074 | D:7      | Reached skill level 5 in Short Blades
  7074 | D:7      | Reached skill level 5 in Long Blades
  7074 | D:7      | Reached skill level 5 in Maces & Flails
  7074 | D:7      | Reached skill level 5 in Polearms
  7074 | D:7      | Reached skill level 5 in Staves
  7074 | D:7      | Reached skill level 5 in Slings
  7074 | D:7      | Reached skill level 5 in Bows
  7074 | D:7      | Reached skill level 5 in Crossbows
  7074 | D:7      | Reached skill level 5 in Throwing
  7074 | D:7      | Reached skill level 5 in Stealth
  7074 | D:7      | Reached skill level 5 in Shields
  7074 | D:7      | Reached skill level 5 in Unarmed Combat
  7074 | D:7      | Reached skill level 5 in Spellcasting
  7074 | D:7      | Reached skill level 5 in Evocations
  7769 | D:7      | Reached skill level 7 in Armour
  7863 | D:7      | Found a shimmering blue altar of Sif Muna.
  8249 | D:8      | Found an opulent altar of Gozag.
  9393 | D:8      | Found a stormy altar of Qazlal.
  9395 | D:8      | Found a blossoming altar of Fedhas.
  9957 | D:9      | Found a shadowy altar of Dithmenos.
  9967 | D:9      | Reached ***** piety under Lugonu
 10124 | D:9      | Found a staircase to the Orcish Mines.
 10375 | D:9      | Found a staircase to the Lair.
 10394 | D:10     | Entered Level 10 of the Dungeon
 10639 | D:9      | Reached XP level 11. HP: 63/87 MP: 19/19
 10892 | D:9      | Found an iron altar of Okawaru.
 11514 | D:9      | Found a roughly hewn altar of Beogh.
 11592 | Lair:1   | Entered Level 1 of the Lair of Beasts
 11669 | Lair:1   | Reached skill level 5 in Conjurations
 11669 | Lair:1   | Reached skill level 5 in Hexes
 11669 | Lair:1   | Reached skill level 5 in Summonings
 11669 | Lair:1   | Reached skill level 5 in Necromancy
 11669 | Lair:1   | Reached skill level 5 in Translocations
 11669 | Lair:1   | Reached skill level 5 in Transmutations
 11669 | Lair:1   | Reached skill level 5 in Fire Magic
 11669 | Lair:1   | Reached skill level 5 in Ice Magic
 11669 | Lair:1   | Reached skill level 5 in Air Magic
 11669 | Lair:1   | Reached skill level 5 in Earth Magic
 11669 | Lair:1   | Reached skill level 5 in Poison Magic
 11832 | D:5      | Bought a jewelled demon blade for 580 gold pieces
 11832 | D:5      | Identified the +5 demon blade of the Doomed Warrior {elec,
                  | +Inv Int+2} (You bought it in a shop on level 5 of the
                  | Dungeon)
 12406 | Lair:1   | Noticed an oklob plant
 12407 | Lair:1   | Noticed an oklob plant
 12407 | Lair:1   | Noticed an oklob plant
 13464 | Lair:2   | Reached skill level 8 in Armour
 14213 | Lair:2   | Found a blossoming altar of Fedhas.
 14236 | Lair:2   | Noticed an oklob plant
 14256 | Lair:2   | Killed an oklob plant
 14681 | Lair:3   | Reached XP level 12. HP: 93/96 MP: 22/22
 14874 | Lair:3   | Found a staircase to the Shoals.
 14878 | Lair:3   | Gained mutation: Your spells are a little harder to cast,
                  | but a little more powerful. [potion of mutation]
 14878 | Lair:3   | Gained mutation: You possess an exceptional clarity of
                  | mind. [potion of mutation]
 14935 | Lair:3   | You fall into a shaft and drop 2 floors!
 15051 | Lair:5   | Found a staircase to the Slime Pits.
 15052 | Lair:5   | Found a viscous altar of Jiyva.
 15207 | Lair:4   | Noticed a death yak
 15207 | Lair:4   | Noticed a death yak
 15207 | Lair:4   | Noticed a death yak
 15228 | Lair:5   | Killed a death yak
 15254 | Lair:4   | Noticed a death yak
 15263 | Lair:5   | Killed a death yak
 15263 | Lair:5   | Reached skill level 10 in Fighting
 15391 | Lair:5   | Killed a death yak
 15461 | Lair:5   | Killed a death yak
 15461 | Lair:5   | Reached skill level 9 in Armour
 16300 | Lair:4   | Found a hole to the Spider Nest.
 16371 | Lair:4   | Reached XP level 13. HP: 94/103 MP: 24/24
 17201 | Lair:5   | Reached skill level 10 in Invocations
 17902 | Lair:6   | Entered Level 6 of the Lair of Beasts
 18224 | Lair:6   | Found a frozen archway.
 18356 | IceCv    | Entered an ice cave
 18567 | IceCv    | Found a transporter.
 18604 | IceCv    | Found a transporter.
 18607 | IceCv    | Corrupted IceCv
 18607 | IceCv    | Noticed a deep elf elementalist
 18607 | IceCv    | Noticed an Executioner
 18607 | IceCv    | Noticed a balrug
 18607 | IceCv    | Noticed a tentacled starspawn
 18607 | IceCv    | Noticed a tentacled starspawn
 18607 | IceCv    | Noticed a great orb of eyes
 19451 | Lair:6   | Reached skill level 10 in Armour
 19821 | Lair:6   | Found a glowing golden altar of the Shining One.
 19831 | Lair:6   | Noticed a dire elephant
 19848 | Lair:6   | Killed a dire elephant
 20311 | Lair:6   | Reached XP level 14. HP: 111/111 MP: 26/26
 20555 | Lair:6   | Reached skill level 10 in Axes
 20736 | Lair:6   | Found a burning altar of Makhleb.
 21264 | Lair:6   | Found a gateway to Hell.
 21600 | D:10     | Noticed Fannar
 21610 | D:10     | Killed Fannar
 23218 | D:11     | Noticed Erica
 23233 | D:11     | Killed Erica
 23512 | D:11     | Noticed a storm dragon
 23513 | D:11     | Noticed a war gargoyle
 23803 | D:11     | Reached skill level 11 in Armour
 24431 | D:11     | Killed a war gargoyle
 24465 | D:11     | Banished a storm dragon
 24992 | D:11     | Identified Tuv Xadgh's Arcane Secrets of Sorcery
 26237 | D:12     | Noticed Maurice
 26261 | D:12     | Reached skill level 10 in Dodging
 26277 | D:12     | Killed Maurice
 26518 | D:12     | Reached XP level 15. HP: 83/119 MP: 28/28
 28800 | D:13     | Found a shadowy altar of Dithmenos.
 28809 | D:13     | Reached skill level 10 in Short Blades
 28809 | D:13     | Reached skill level 10 in Long Blades
 28809 | D:13     | Reached skill level 10 in Maces & Flails
 28809 | D:13     | Reached skill level 10 in Polearms
 28809 | D:13     | Reached skill level 10 in Staves
 28809 | D:13     | Reached skill level 10 in Slings
 28809 | D:13     | Reached skill level 10 in Bows
 28809 | D:13     | Reached skill level 10 in Crossbows
 28809 | D:13     | Reached skill level 10 in Throwing
 28809 | D:13     | Reached skill level 12 in Armour
 28809 | D:13     | Reached skill level 10 in Stealth
 28809 | D:13     | Reached skill level 10 in Shields
 28809 | D:13     | Reached skill level 10 in Unarmed Combat
 28809 | D:13     | Reached skill level 10 in Spellcasting
 28809 | D:13     | Reached skill level 10 in Evocations
 30439 | D:15     | Entered Level 15 of the Dungeon
 30439 | D:15     | Found a runed translucent door.
 30439 | D:15     | Found a shimmering altar of Xom.
 30439 | D:15     | Identified the +3 quarterstaff of Exchange {chaos, Int+4
                  | Dex+4}
 30439 | D:15     | Noticed Deruyraw's ghost (journeyman GrEE)
 30463 | D:14     | Reached ****** piety under Lugonu
 30504 | D:15     | Banished Deruyraw's ghost
 31530 | D:15     | Found a staircase to the Depths.
 31829 | Orc:1    | Entered Level 1 of the Orcish Mines
 31953 | Orc:1    | Found a transporter.
 31955 | Orc:1    | Found a transporter.
 31960 | Orc:1    | Found a roughly hewn altar of Beogh.
 32048 | Orc:1    | Corrupted Orc:1
 32048 | Orc:1    | Noticed a cacodemon
 32048 | Orc:1    | Noticed a tentacled starspawn
 32270 | Orc:1    | Escaped the Abyss
 32589 | Orc:2    | Entered Level 2 of the Orcish Mines
 33103 | Orc:2    | Reached XP level 16. HP: 94/127 MP: 30/30
 33751 | Orc:1    | Found a roughly hewn altar of Beogh.
 34244 | Orc:2    | Found Ucow Age's Antique Armour Shoppe.
 34244 | Orc:2    | Found Narr's Antique Weapon Shoppe.
 34245 | Orc:2    | Found Ogumuraf's Weapon Emporium.
 34248 | Orc:2    | Found Teog's Antique Armour Emporium.
 34260 | Orc:2    | Bought a heavily runed chain mail for 304 gold pieces
 34271 | Orc:2    | Identified the cursed +1 chain mail of the Candlemaker {rF+
                  | rN+ Str-2} (You bought it in a shop on level 2 of the
                  | Orcish Mines)
 34280 | Orc:2    | Bought a jewelled chain mail for 304 gold pieces
 34285 | Orc:2    | Identified the +5 chain mail of the Worm {+Inv SInv} (You
                  | bought it in a shop on level 2 of the Orcish Mines)
 34514 | Orc:2    | Found a staircase to the Elven Halls.
 35043 | Elf:1    | Entered Level 1 of the Elven Halls
 35081 | Elf:1    | Reached skill level 13 in Armour
 35235 | Elf:1    | Found Zeth's Antique Armour Shoppe.
 35239 | Elf:1    | Found Ecuar's Jewellery Emporium.
 35240 | Elf:1    | Found Cesupaq's Armour Shoppe.
 36767 | Elf:2    | Found Zylyselo's Jewellery Emporium.
 36767 | Elf:2    | Found Vocsiwne's Antique Weapon Shop.
 37052 | Elf:2    | Found Puss's Book Boutique.
 37236 | Elf:1    | Bought the +10 plate armour of Marbles {Rampage rC+ MP+9}
                  | for 1665 gold pieces
 37431 | Elf:2    | Found Areen's Weapon Boutique.
 37469 | Elf:2    | Found a runed translucent gate.
 37469 | Elf:2    | Found a runed translucent gate.
 37474 | Elf:2    | Found a runed translucent gate.
 37636 | Elf:2    | Found Xoim's Assorted Antiques.
 37672 | Elf:2    | Noticed Louise
 37715 | Elf:3    | Entered Level 3 of the Elven Halls
 37719 | Elf:3    | Noticed a deep elf blademaster
 37795 | Abyss:1  | Noticed an Executioner
 37886 | Elf:3    | Escaped the Abyss
 37887 | Elf:3    | Noticed a Hell Sentinel
 37933 | Elf:3    | Cast into level 3 of the Abyss (Louise)
 38010 | Elf:3    | Escaped the Abyss
 38082 | Elf:3    | Killed Louise
 38181 | Elf:3    | Reached XP level 17. HP: 135/135 MP: 32/32
 38526 | Elf:3    | Found Maguq's Armour Emporium.
 38634 | Elf:3    | Noticed an Executioner
 38638 | Elf:3    | Reached skill level 14 in Armour
 38770 | Elf:3    | Identified the +6 chain mail "Soys" {+Inv MR+ rCorr Str+3}
 38770 | Elf:3    | Noticed a deep elf master archer
 39596 | Elf:3    | Killed from afar by a deep elf knight

Illustrated notes

Levels and vault maps discovered:
D:1:      nagdon_arrival_double_spiral, layout_basic
D:2:      layout_loops_corners, guppyfry_early_lair_pool
D:3:      layout_loops_corners, old_standard_altar
D:4:      layout_rooms, kennysheep_little_box, bloody_trog,
          nicolae_overflow_hidden_temple, temple_pool_b, gup_sewer_entry_pipe,
          trog_three_pillars_becter
D:5:      layout_gridville, serial_shops, nicolae_shop_behind_doors,
          nemelex_spade_bored_becter
D:6:      corexii_shack_village, layout_basic, minmay_misc_feat_iff,
          chei_slow_surprise, uniq_duvessa
D:7:      kennysheep_housing_project, layout_basic, cheibriados_altar_1,
          marbit_many_paths, serial_shops, shop, uniq_menkaure
D:8:      layout_basic, grunt_temple_overflow_forces_of_nature,
          nicolae_overflow_crystal_walls, minmay_misc_feat_diagonals,
          nicolae_looking_at_the_future
D:9:      layout_irregular_city, overflow_temple_1_default,
          nicolae_dithmenos_shadow_blocks, erik_lair_orcish_takeover,
          minmay_orc_entry_temple_small
D:10:     layout_roguey, uniq_fannar
D:11:     minmay_tile_spiral, layout_basic, uniq_erica
D:12:     layout_gridville, hangedman_pestilent_swarm, minmay_bent, uniq_maurice
D:13:     cheibrodos_ideogram_h, layout_stronghold, kennysheep_small_circle
D:14:     layout_rooms, david_vaults_5
D:15:     grunt_enter_depths_snipers, layout_rooms, ebering_ghost_xom,
          ebering_dispersal_statue_hall
Lair:1:   dpeg_oklob_gauntlet, layout_chaotic_city, serial_bayou_pond_c,
          hangedman_lair_generics_rect, grunt_megastairs_4
Lair:2:   layout_hall_layers, gauntlet_entry_generic, tgw_fedhas
Lair:3:   layout_hall_layers, shoals_dummy_entry, grunt_forest_small_clearings
Lair:4:   layout_gridlike, spider_nest_entry_a
Lair:5:   layout_cave_pods, slime_altar_1, infiniplex_staircase_pool
Lair:6:   evil_forest, layout_loops_ring, portal_ice_cave_entry_imps,
          basic_altar, lemuel_fruit_tree, grunt_megastairs_3
Orc:1:    gammafunk_beogh_shrine, layout_caves, basic_altar
Orc:2:    st_orc_mages, layout_caves
Elf:1:    layout_onion_city, minivault_28, minmay_shop_star
Elf:2:    layout_geoelf_octagon, serial_shops, shop, shop, shop,
          nicolae_shop_waterfront, nicolae_shop_stone,
          small_statue_intersection, sword_in_stone
Elf:3:    minmay_elf_hall_four_x, layout_geoelf_castle, serial_shops, shop,
          grunt_ministairs_1, st_stairs_11, roderic_roman_lattice,
          einodemon_crawler_minivault

Skill      XL: |  1  2  3  4  5  6  7  8  9 10 11 12 13 14 15 16 17 |
---------------+----------------------------------------------------+-----
Fighting       | 7 8 9 10 11 12 13 | 13.0
Short Blades   | 3 4 5 6 7 8 9 10 11 | 11.5
Long Blades    | 3 4 5 6 7 8 9 10 11 | 11.5
Axes           | 6 7 8 9 10 11 12 | 12.3
Maces & Flails | 3 4 5 6 7 8 9 10 11 | 11.5
Polearms       | 3 4 5 6 7 8 9 10 11 | 11.5
Staves         | 3 4 5 6 7 8 9 10 11 | 11.5
Slings         | 3 4 5 6 7 8 9 10 11 | 11.5
Bows           | 3 4 5 6 7 8 9 10 11 | 11.5
Crossbows      | 3 4 5 6 7 8 9 10 11 | 11.5
Throwing       | 3 4 5 6 7 8 9 10 11 | 11.5
Armour         | 6 7 8 9 10 11 12 13 14 | 14.3
Dodging        | 4 5 6 7 8 9 10 11 | 11.8
Stealth        | 3 4 5 6 7 8 9 10 11 | 11.5
Shields        | 3 4 5 6 7 8 9 10 11 | 11.5
Unarmed Combat | 3 4 5 6 7 8 9 10 11 | 11.5
Spellcasting   | 3 4 5 6 7 8 9 10 11 | 11.5
Conjurations   | 3 4 5 6 7 8 9 |  9.9
Hexes          | 3 4 5 6 7 8 9 |  9.9
Summonings     | 3 4 5 6 7 8 9 |  9.9
Necromancy     | 3 4 5 6 7 8 9 |  9.9
Translocations | 3 4 5 6 7 8 9 |  9.9
Transmutations | 3 4 5 6 7 8 9 |  9.9
Fire Magic     | 3 4 5 6 7 8 9 |  9.9
Ice Magic      | 3 4 5 6 7 8 9 |  9.9
Air Magic      | 3 4 5 6 7 8 9 |  9.9
Earth Magic    | 3 4 5 6 7 8 9 |  9.9
Poison Magic   | 3 4 5 6 7 8 9 |  9.9
Invocations    | 6 7 8 9 10 11 12 13 | 13.1
Evocations     | 3 4 5 6 7 8 9 10 11 | 11.5

Action                   |  1- 3 |  4- 6 |  7- 9 | 10-12 | 13-15 | 16-18 || total
-------------------------+-------+-------+-------+-------+-------+-------++-------
Melee: Hand axe          |       |       |   366 |       |       |       ||   366
       Broad axe         |       |       |   137 |   391 |       |       ||   528
       Bite              |       |       |    52 |   114 |   229 |   144 ||   539
       Punch             |       |       |     2 |       |       |       ||     2
       Demon blade       |       |       |       |   323 |  1327 |   983 ||  2633
       Scimitar          |       |       |       |       |    31 |       ||    31
Throw: Javelin           |       |       |       |       |     5 |       ||     5
Invok: Depart the Abyss  |       |       |     1 |       |     1 |     2 ||     4
       Banish            |       |       |       |       |    20 |     2 ||    22
       Bend Space        |       |       |       |       |     7 |     2 ||     9
       Corrupt           |       |       |       |       |     2 |       ||     2
       Enter the Abyss   |       |       |       |       |     1 |     1 ||     2
Evoke: Wand              |     4 |       |       |       |     1 |       ||     5
  Use: Potion            |     1 |       |       |     6 |     7 |     3 ||    17
       Scroll            |       |       |    11 |    17 |    16 |     8 ||    52
 Stab: Sleeping          |       |       |    28 |       |       |     2 ||    30
       Distracted        |       |       |       |       |       |     1 ||     1
Armor: Chain mail        |       |       |    89 |   290 |       |    82 ||   461
       Leather armour    |       |       |    63 |       |       |       ||    63
       Scale mail        |       |       |    20 |       |       |       ||    20
       Skin              |       |       |       |     6 |       |       ||     6
       Plate armour      |       |       |       |    11 |   453 |   191 ||   655
Dodge: Dodged            |     2 |       |   204 |   185 |   279 |   218 ||   888
Block: Tower shield      |       |       |   240 |   871 |  1534 |  1032 ||  3677
       Rpst.: Demon blade |       |       |       |    16 |    73 |    49 ||   138
       Scimitar          |       |       |       |       |     3 |       ||     3

Table legend: (Time is in decaauts)
 A = Elapsed time spent in this place.
 B = Non-inter-level travel time spent in this place.
 C = Inter-level travel time spent in this place.
 D = Time resting spent in this place.
 E = Time spent auto-exploring this place.
 F = Levels seen in this place.
 G = Mean time per level.
                   A        B        C        D        E       F      G
               +--------+--------+--------+--------+--------+-----+--------+
         Total |  39764 |  37682 |   2082 |  12291 |  16758 |  32 | 1242.6 |
       Dungeon |  22179 |  20640 |   1539 |   6503 |   9620 |  15 | 1478.6 |
          Lair |   9030 |   8761 |    269 |   2569 |   4625 |   6 | 1505.0 |
  Orcish Mines |   2970 |   2828 |    142 |   1272 |    884 |   2 | 1485.0 |
   Elven Halls |   4254 |   4124 |    130 |   1064 |   1512 |   3 | 1418.0 |
         Abyss |    599 |    599 |      0 |    390 |    100 |   5 |  119.8 |
      Ice Cave |    728 |    728 |      0 |    492 |     16 |   1 |  728.0 |
               +--------+--------+--------+--------+--------+-----+--------+

Top non-repeatable levels by time:
    D:11: 3476 daAuts
  Lair:6: 2603 daAuts
     D:7: 2155 daAuts
   Elf:1: 2032 daAuts
   Orc:1: 1907 daAuts
    D:12: 1852 daAuts
     D:8: 1838 daAuts
     D:5: 1739 daAuts
     D:9: 1657 daAuts
   Elf:3: 1589 daAuts
  Lair:5: 1568 daAuts
    D:13: 1477 daAuts
     D:2: 1461 daAuts
  Lair:1: 1460 daAuts
  Lair:2: 1432 daAuts
